 Dungeon Crawl Stone Soup version 0.28.0-49-g6dfe1f597d (webtiles) character file.

Game seed: 12320214711189551281

56 Zeld the Insei (level 3, -3/24 HPs)
             Began as an Octopode Transmuter on May 11, 2022.
             Slain by an ogre
             ... wielding a +0 giant spiked club
              (11 damage)
             ... on level 3 of the Dungeon.
             The game lasted 00:03:09 (2587 turns).

Zeld the Insei (Octopode Transmuter)                Turns: 2587, Time: 00:03:09

Health: -3/24      AC:  3    Str: 11    XL:     3   Next: 97%
Magic:  2/6        EV: 13    Int: 15    God:
Gold:   71         SH:  0    Dex: 12    Spells: 0/6 levels left

rFire   . . .      SeeInvis +     - Unarmed
rCold   . . .      Faith    .   (no shield)
rNeg    . . .      Spirit   .   g - +2 hat
rPois   .          Reflect  .   (no amulet)
rElec   .          Harm     .   f - ring of see invisible
rCorr   .          Rampage  .   (no ring)
Will    .....                   (no ring)
Stlth   +++.......              (no ring)
HPRegen 0.08/turn               (no ring)
MPRegen 0.10/turn               (no ring)
                                (no ring)
                                (no ring)

@: no status effects
A: almost no armour, amphibious, 8 rings, camouflage 1, gelatinous body 1,
(nimble swimmer 1), tentacles
a: no special abilities


You were on level 3 of the Dungeon.
You visited 1 branch of the dungeon, and saw 3 of its levels.

You collected 71 gold pieces.

Inventory:

Armour
 g - a +2 hat (worn)
Jewellery
 f - a ring of see invisible (left tentacle)
Scrolls
 a - a scroll of teleportation {unknown}
 b - 5 scrolls of identify {unknown}
 c - a scroll of enchant armour {unknown}
 e - a scroll of blinking {unknown}
Potions
 d - 2 potions of flight {unknown}


   Skills:
 * Level 1.6 Fighting
 + Level 2.3 Dodging
 + Level 1.3 Stealth
 + Level 3.0 Unarmed Combat
 * Level 2.3 Spellcasting
 * Level 2.5 Transmutations
 + Level 0.9 Ice Magic
 + Level 0.9 Poison Magic


You couldn't memorise any spells.
You knew the following spells:

 Your Spells              Type           Power      Damage    Failure   Level
a - Beastly Appendage     Tmut           18%        N/A       8%          1
b - Wereblood             Tmut           9%         N/A       12%         2
c - Spider Form           Tmut/Pois      7%         N/A       30%         3

Your spell library contained the following spells:

 Spells                   Type           Power      Damage    Failure   Level
 Ice Form                 Ice/Tmut       6%         N/A       71%         4


Dungeon Overview and Level Annotations

Branches:
Dungeon (3/15)

Altars:


Innate Abilities, Weirdness & Mutations

You cannot wear most types of armour.
You are amphibious.
You can wear up to eight rings at the same time.
Your skin changes colour to match your surroundings (Stealth+).
Your rubbery body absorbs attacks. (AC +1, EV +1)
((You are camouflaged when in or above water. (Stealth+)))
You have tentacles for arms and can constrict up to eight enemies at once.


Message History

Confirm with . or Enter, or press ? or * to list all spells.
The spell is extremely dangerous to miscast (30% risk of failure)!
Continue anyway?
You miscast Spider Form.
You are very lightly contaminated with residual magic.
Nothing appears to happen.
Casting: Spider Form (extremely dangerous; 30% risk of failure)
Confirm with . or Enter, or press ? or * to list all spells.
The spell is extremely dangerous to miscast (30% risk of failure)!
Continue anyway?
You turn into a venomous arachnid creature.
Your +2 hat melds into your body.
No target in view!
You hit the ogre but do no damage.
The ogre is poisoned.
Your transformation is almost over.
The ogre closely misses you.
You barely miss the ogre.
The ogre is lightly wounded.
You hit the ogre but do no damage.
The ogre is lightly wounded.
The ogre closely misses you.
A quokka comes into view.
You hit the ogre.
The ogre looks as sick as possible!
The ogre is moderately wounded.
The ogre misses you.
You hit the ogre.
The ogre is heavily wounded.
Your magical contamination has completely faded away.
You hit the ogre but do no damage.
The ogre is heavily wounded.
The ogre hits you with a +0 giant spiked club!
Ouch! That really hurt!
* * * LOW HITPOINT WARNING * * *
The quokka bites you but does no damage.
A worm comes into view.
Your transformation has ended.
Your +2 hat unmelds from your body.
The quokka barely misses you. The quokka misses you.
The quokka bites you but does no damage.
The ogre hits you with a +0 giant spiked club!
You die...

#.### #######...#
........#.# #.<.#
#..## #..# ###..##.###
#######..........
#####.@r............#
........O....##.......
######w#########.....#
#. #...## .. #.## ##.
.# #. # #.


You could see an ogre (very poisoned), a worm (asleep) and a quokka.

Vanquished Creatures
  An adder (D:2)
  A worm (D:2)
  2 dart slugs
  4 ball pythons
  5 bats
  4 goblins
  9 hobgoblins
  4 kobolds
  2 quokkas (D:1)
  4 frilled lizards
  2 rats (D:1)
38 creatures vanquished.

Notes
Turn   | Place    | Note
-------+----------+-------------------------------------------
     0 | D:1      | Zeld the Octopode Transmuter began the quest for the Orb.
     0 | D:1      | Reached XP level 1. HP: 13/13 MP: 3/3
   259 | D:1      | You fall into a shaft and drop 1 floor!
   275 | D:2      | Reached XP level 2. HP: 15/18 MP: 3/5
   288 | D:2      | Learned a level 2 spell: Wereblood
   499 | D:1      | Reached skill level 1 in Stealth
   902 | D:1      | Reached XP level 3. HP: 23/23 MP: 4/6
   906 | D:1      | Learned a level 3 spell: Spider Form
  2567 | D:3      | Noticed an ogre
  2587 | D:3      | Slain by an ogre

Illustrated notes

Levels and vault maps discovered:
D:1:      psy_arrival_spokes, layout_rooms
D:2:      layout_basic, minmay_split_cup_large
D:3:      layout_loops_ring

Skill      XL: |  1  2 |
---------------+-------+-----
Stealth        | 1 |  1.3
Fighting       | |  1.6
Dodging        | |  2.3
Unarmed Combat | |  3.0
Spellcasting   | |  2.3
Transmutations | |  2.5
Ice Magic      | |  0.9
Poison Magic   | |  0.9

Action                   || total
-------------------------++-------
Melee: Unarmed           ||    85
       Kick              ||    19
       Constrict         ||    18
       Tentacles         ||    11
 Cast: Beastly Appendage ||    22
       Spider Form       ||     2
 Stab: Sleeping          ||     4
Armor: Skin              ||    15
Dodge: Dodged            ||    56
